 Dungeon Crawl Stone Soup version 0.27.0-1-g7a089689b8 (webtiles) character file.

Game seed: 9557033008748344615

5199 rogsnak the Destroyer (level 10, -14/66 HPs)
             Began as a Demonspawn Fire Elementalist on Aug 1, 2021.
             Killed from afar by a gargoyle (24 damage)
             ... with a stone arrow
             ... on level 8 of the Dungeon.
             The game lasted 00:22:29 (8390 turns).

rogsnak the Destroyer (DsFE)                        Turns: 8390, Time: 00:22:30

Health: -14/66     AC: 13    Str:  9    XL:     10   Next: 34%
Magic:  3/21       EV: 12    Int: 19    God:
Gold:   473        SH:  0    Dex: 14    Spells: 14/24 levels left

rFire    . . .     SeeInvis .   n - +1 flail (protect)
rCold    . . .     Faith    .   (no shield)
rNeg     . . .     Spirit   .   r - +0 troll leather armour {Purgy}
rPois    .         Reflect  .   (helmet restricted)
rElec    .         Harm     .   p - +0 cloak {rCorr}
rCorr    +         Rampage  .   (no gloves)
Will     +....                  C - +0 pair of boots
Stlth    ++........             (no amulet)
HPRegen  1.21/turn              D - ring of willpower
MPRegen  0.17/turn              I - +4 ring of protection

@: no status effects
A: horns 2, yellow scales 2, ignite blood 1
a: no special abilities


You were on level 8 of the Dungeon.
You visited 2 branches of the dungeon, and saw 9 of its levels.
You also visited: Sewer.

You collected 473 gold pieces.

Inventory:

Hand Weapons
 n - a +1 flail of protection (weapon)
 o - a +3 quarterstaff of chaos
 y - a +1 dagger of venom
 H - the +2 mace of Qovug {flame, Fragile rC+ rN++ Dex+3}
   (You found it on level 7 of the Dungeon)

   It burns those it strikes, dealing additional fire damage.
   Dex:       It affects your dexterity (+3).
   rC:        It protects you from cold.
   rN:        It greatly protects you from negative energy.
   Fragile:   It will be destroyed if unequipped.
 L - the +9 dire flail "Yriph" {freeze, rC++ Int+3}
   (You took it off a two-headed ogre on level 7 of the Dungeon)

   It freezes those it strikes, dealing additional cold damage.
   It can also slow down cold-blooded creatures.
   Int:       It affects your intelligence (+3).
   rC:        It greatly protects you from cold.
Missiles
 b - 69 poisoned darts
 c - 2 boomerangs of dispersal
 f - a throwing net
 g - 238 stones
Armour
 a - a +0 robe
 d - the +1 robe of the Trombone {Dex+5}
   (You found it on level 5 of the Dungeon)

   Dex:       It affects your dexterity (+5).
 p - a +0 cloak of preservation (worn)
 r - a +0 troll leather armour (worn) {Purgy}
 C - a +0 pair of boots (worn)
 G - a +1 ring mail of willpower
Magical Staves
 x - a staff of conjuration
Jewellery
 D - a ring of willpower (left hand)
 I - a +4 ring of protection (right hand)
Wands
 s - a wand of charming (7)
 F - a wand of flame (26)
Scrolls
 e - 9 scrolls of identify {unknown}
 i - 3 scrolls of noise {unknown}
 l - a scroll of blinking {unknown}
 t - a scroll of brand weapon {unknown}
 u - a scroll of summoning {unknown}
 v - a scroll of fear {unknown}
 w - 2 scrolls of magic mapping {unknown}
 A - a scroll of teleportation {unknown}
 B - a scroll of enchant weapon {unknown}
 J - a scroll of torment {unknown}
Potions
 h - 2 potions of curing {unknown}
 j - 2 potions of brilliance {unknown}
 k - 2 potions of might {unknown}
 m - 2 potions of mutation {unknown}
 q - 2 potions of degeneration {unknown}
 z - a potion of resistance {unknown}
 E - a potion of ambrosia {unknown}
 K - a potion of flight {unknown}


   Skills:
 + Level 1.4 Fighting
 + Level 2.9 Armour
 + Level 3.0 Dodging
 - Level 1.7 Stealth
 + Level 7.7 Spellcasting
 * Level 10.0 Conjurations
 + Level 7.0 Fire Magic


You had 14 spell levels left.
You knew the following spells:

 Your Spells              Type           Power      Damage    Failure   Level
a - Foxfire               Conj/Fire      100%       2x1d9     1%          1
b - Sticky Flame          Conj/Fire      39%        2d6       3%          4
c - Fireball              Conj/Fire      19%        3d9       11%         5

Your spell library contained the following spells:

 Spells                   Type           Power      Damage    Failure   Level
 Conjure Flame            Conj/Fire      39%        6-21      1%          3
 Inner Flame              Hex/Fire       20%        N/A       9%          3
 Corona                   Hex            7%         N/A       13%         1
 Summon Small Mammal      Summ           28%        N/A       13%         1
 Ensorcelled Hibernation  Hex/Ice        14%        N/A       19%         2
 Call Canine Familiar     Summ           7%         N/A       36%         3
 Summon Guardian Golem    Hex/Summ       7%         N/A       36%         3
 Tukima's Dance           Hex            7%         N/A       36%         3


Dungeon Overview and Level Annotations

Branches:
Dungeon (8/15)             Temple (1/1) D:5           Sewer (visited)
   Lair: D:8-11

Altars:
Ashenzari
Cheibriados
Dithmenos
Elyvilon
Fedhas
Hepliaklqana
Kikubaaqudgha
Makhleb
Nemelex Xobeh
Okawaru
Qazlal
Ru
Trog
Uskayaw
Vehumet
Wu Jian
Xom
Yredelemnul
Zin

Shops:
D:1 *


Innate Abilities, Weirdness & Mutations

You have a pair of horns on your head.
You are mostly covered in yellow scales. (AC +3)
Your demonic aura sometimes causes spilled blood to erupt in flames.


Message History

You feel a surge of power!
You conjure some foxfire!
The gargoyle burns!
The gargoyle hits you with a +0 mace!
Unknown command.
Casting: Foxfire (safe; 1% risk of failure)
Confirm with . or Enter, or press ? or * to list all spells.
You feel a surge of power!
You conjure some foxfire!
The gargoyle burns!
The foxfire hits the gargoyle but does no damage.
The gargoyle is heavily damaged.
The foxfire hits the gargoyle but does no damage.
The gargoyle is heavily damaged.
The gargoyle completely misses you.
Casting: Foxfire (safe; 1% risk of failure)
Confirm with . or Enter, or press ? or * to list all spells.
You feel a surge of power!
You conjure some foxfire!
The gargoyle burns!
The gargoyle stops burning.
The gargoyle misses you.
Unknown command.
Casting: Foxfire (safe; 1% risk of failure)
Confirm with . or Enter, or press ? or * to list all spells.
You don't know that spell.
You hit the gargoyle but do no damage. Your headbutt misses the gargoyle.
The gargoyle is heavily damaged.
The foxfire hits the gargoyle but does no damage.
The gargoyle is heavily damaged.
The foxfire hits the gargoyle.
The gargoyle is severely damaged.
The foxfire hits the gargoyle but does no damage.
The gargoyle is severely damaged.
The gargoyle hurls a stone arrow at you.
The stone arrow hits you!!
Your +1 flail of protection hums with potential!
n - a +1 flail of protection (weapon)
The gargoyle hurls a stone arrow at you.
The stone arrow hits you!!
* * * LOW HITPOINT WARNING * * *
Unknown command.
You barely miss the gargoyle. Your headbutt misses the gargoyle.
The gargoyle is severely damaged.
The gargoyle hurls a stone arrow at you.
The stone arrow hits you!!
You die...

######. .......
########### .......
#...9.....# ....K..
#h#######.#
.....######.#@§<..#)#
..........9.§...#.#
#)##.###.#.#.#..)##
+..._..............h..9
#.##.#.#.#.#.#...###...
#. #...#.#.#.#...# . #.
#####.#....!..# #.
#.#.....#..# #.
#.########.#


You could see a gargoyle.

Vanquished Creatures
  A two-headed ogre (D:7)
  The ghost of velxir3 the Cleaver, a novice HOFi (D:7)
  Pikel (D:8)
  The ghost of JackMcBride the Covered, an amateur MiFi of Makhleb (D:5)
  A wraith (D:7)
  2 water moccasins (D:7)
  Purgy (D:3)
  An orc warrior (D:7)
  A sky beast (D:7)
  An ice beast (D:5)
  A necrophage (D:4)
  3 ogres
  2 phantoms
  3 lemures (D:7)
  A kobold brigand (D:8)
  4 bullfrogs
  6 scorpions
  A water moccasin zombie (D:6)
  A wyvern skeleton (D:6)
  A water moccasin skeleton (D:5)
  5 wights
  3 killer bees (D:7)
  A howler monkey (D:8)
  A bullfrog zombie (D:7)
  4 orc priests
  5 hounds
  Crazy Yiuf (D:2)
  Jessica (D:3)
  3 iguanas
  4 orc wizards
  Terence (D:2)
  A killer bee zombie (D:5)
  3 hound skeletons
  13 adders
  A howler monkey skeleton (D:5)
  2 river rats (D:4)
  A white imp (D:7)
  An ufetubus (D:6)
  An adder skeleton (D:4)
  A worm (D:3)
  2 dart slugs
  14 orcs
  10 ball pythons
  6 endoplasms
  9 giant cockroaches
  6 goblins
  7 hobgoblins
  7 jackals
  4 kobolds
  7 quokkas
  4 bats
  7 frilled lizards
  8 rats
178 creatures vanquished.

Vanquished Creatures (collateral kills)
  A centaur zombie (D:3)
  2 foxfires (D:2)
3 creatures vanquished.

Vanquished Creatures (others)
  A kobold (D:8)
  727 foxfires
728 creatures vanquished.

Grand Total: 909 creatures vanquished

Notes
Turn   | Place    | Note
-------+----------+-------------------------------------------
     0 | D:1      | rogsnak the Demonspawn Fire Elementalist began the quest
                  | for the Orb.
     0 | D:1      | Reached XP level 1. HP: 13/13 MP: 3/3
    12 | D:1      | Found Cahaoled's General Store.
   157 | D:1      | Gained mutation: You have a pair of small horns on your
                  | head. [demonic ancestry]
   157 | D:1      | Reached XP level 2. HP: 19/19 MP: 3/5
   712 | D:1      | Gained mutation: You have a pair of horns on your head.
                  | [demonic ancestry]
   712 | D:1      | Reached XP level 3. HP: 24/24 MP: 4/6
   991 | D:1      | Found a faded altar of an unknown god.
  1086 | D:2      | Noticed Terence
  1321 | D:2      | Found a runed translucent door.
  1616 | D:2      | Reached skill level 2 in Conjurations
  1808 | D:2      | Killed Terence
  1809 | D:2      | Reached XP level 4. HP: 21/30 MP: 1/7
  1977 | D:2      | Learned a level 4 spell: Sticky Flame
  1992 | D:2      | Noticed Crazy Yiuf
  2053 | D:2      | Killed Crazy Yiuf
  2324 | D:3      | Noticed Jessica
  2330 | D:3      | Killed Jessica
  2331 | D:3      | Reached skill level 3 in Conjurations
  2334 | D:3      | Gained mutation: You are partially covered in yellow
                  | scales. (AC +2) [demonic ancestry]
  2334 | D:3      | Reached XP level 5. HP: 35/35 MP: 0/9
  2345 | D:3      | Found a sacrificial altar of Ru.
  2518 | D:3      | Found a bloodstained altar of Trog.
  2671 | D:3      | Noticed Purgy
  2703 | D:3      | Killed Purgy
  2720 | D:3      | Reached skill level 4 in Conjurations
  2720 | D:3      | Gained mutation: You are mostly covered in yellow scales.
                  | (AC +3) [demonic ancestry]
  2720 | D:3      | Reached XP level 6. HP: 30/41 MP: 0/11
  3108 | D:4      | Found a glowing drain.
  3113 | Sewer    | Entered a sewer
  3445 | Sewer    | Gained mutation: Your demonic aura sometimes causes spilled
                  | blood to erupt in flames. [demonic ancestry]
  3445 | Sewer    | Reached XP level 7. HP: 41/47 MP: 8/13
  3667 | D:4      | Learned a level 5 spell: Fireball
  3756 | D:4      | Reached skill level 5 in Conjurations
  3857 | D:4      | Reached skill level 1 in Armour
  4149 | D:4      | Found an ancient bone altar of Kikubaaqudgha.
  4331 | D:5      | Entered Level 5 of the Dungeon
  4336 | D:5      | Identified the +1 robe of the Trombone {Dex+5}
  4374 | D:5      | Reached XP level 8. HP: 53/53 MP: 8/15
  4382 | D:5      | Reached skill level 5 in Spellcasting
  4382 | D:5      | Reached skill level 6 in Conjurations
  4624 | D:5      | Reached skill level 5 in Fire Magic
  4667 | D:5      | Found a hazy altar of Hepliaklqana.
  4670 | D:5      | Found a hide-covered altar of Uskayaw.
  4709 | D:5      | Found a staircase to the Ecumenical Temple.
  4718 | Temple   | Entered the Ecumenical Temple
  5217 | D:5      | Found a runed translucent gate.
  5217 | D:5      | Found a runed translucent gate.
  5217 | D:5      | Found a runed translucent gate.
  5218 | D:5      | Noticed JackMcBride's ghost (amateur MiFi)
  5358 | D:5      | Killed JackMcBride's ghost
  5479 | D:5      | Reached skill level 7 in Conjurations
  5908 | D:6      | Found a shimmering altar of Xom.
  6091 | D:6      | Reached XP level 9. HP: 58/58 MP: 12/17
  6149 | D:6      | Found Naerim Myeth's Magic Scroll Boutique.
  6361 | D:6      | Found a stormy altar of Qazlal.
  6361 | D:6      | Found an iron altar of Okawaru.
  6691 | D:7      | Found a burning altar of Makhleb.
  6691 | D:7      | Noticed an Executioner
  6701 | D:7      | Reached skill level 8 in Conjurations
  7123 | D:7      | Identified the +2 mace of Qovug {flame, Fragile rC+ rN++
                  | Dex+3}
  7331 | D:7      | Reached skill level 1 in Fighting
  7521 | D:7      | Reached skill level 9 in Conjurations
  7673 | D:7      | Noticed velxir3's ghost (novice HOFi)
  7674 | D:7      | Found a transporter.
  7675 | D:7      | Identified the +9 dire flail "Yriph" {freeze, rC++ Int+3}
  7675 | D:7      | Noticed a two-headed ogre
  7678 | D:7      | Found a transporter.
  7962 | D:7      | Killed a two-headed ogre
  7963 | D:7      | Reached XP level 10. HP: 38/65 MP: 5/20
  8057 | D:7      | Killed velxir3's ghost
  8195 | D:8      | Found a broken altar of Ashenzari.
  8204 | D:8      | Noticed Pikel
  8360 | D:8      | Noticed a gargoyle
  8364 | D:8      | Killed Pikel
  8366 | D:8      | Reached skill level 10 in Conjurations
  8390 | D:8      | Killed from afar by a gargoyle

Illustrated notes

Levels and vault maps discovered:
D:1:      amcnicky_arrival_gap_in_the_tavern_cellar, layout_rooms, serial_shops,
          nicolae_square_shop, ebering_ecumenical_altar_abandoned,
          nrook_loot_triangle, st_stairs_2, amcnicky_mini_corridor_feature,
          chequers_serial_rivers_small_b
D:2:      layout_basic, grunt_decor_resistance, chequers_avenue,
          serial_bayou_lagoon_b, uniq_terence, uniq_crazy_yiuf_cottage
D:3:      layout_rooms, mainiacjoe_overflow_paths, general_overflow_altar,
          uniq_purgy, uniq_jessica
D:4:      layout_rooms, kiku_gazebo_pond_becter, portal_sewer_entry_e
D:5:      layout_rooms, chequers_temple_overflow_statue_of_worship,
          temple_fountains, gammafunk_ghost_necromancy
D:6:      layout_basic, mainiacjoe_overflow_boulevard, jmf_multi_god_temple,
          serial_shops, nicolae_shop_competitors_out_of_business,
          minmay_misc_feat_rows
D:7:      layout_basic, makhleb_altar_promises_db, gammafunk_ghost_smash
D:8:      layout_basic, ashenzari_altar_1, mainiacjoe_overflow_alcove_2,
          chequers_ossuary_entry_cave, uniq_pikel
Temple:   compressed_dpeg_triangle_lava_temple

Skill      XL: |  1  2  3  4  5  6  7  8  9 10 |
---------------+-------------------------------+-----
Fire Magic     | 3 4 5 6 7 |  7.0
Conjurations   | 2 3 4 5 7 9 10 | 10.0
Spellcasting   | 3 4 5 7 |  7.7
Dodging        | 2 3 |  3.0
Armour         | 1 2 |  2.9
Fighting       | 1 |  1.4
Stealth        | |  1.7

Action                   |  1- 3 |  4- 6 |  7- 9 | 10-12 || total
-------------------------+-------+-------+-------+-------++-------
Melee: Unarmed           |     8 |       |       |       ||     8
       Dagger            |    10 |       |       |       ||    10
       Headbutt          |     3 |     2 |     4 |       ||     9
       Flail             |       |     2 |       |     1 ||     3
       Quarterstaff      |       |    16 |       |       ||    16
       Staff             |       |       |    30 |     3 ||    33
 Cast: Foxfire           |    72 |    94 |   252 |    24 ||   442
       Sticky Flame      |       |       |    12 |     4 ||    16
       Fireball          |       |       |     5 |     6 ||    11
Evoke: Wand              |       |       |       |     1 ||     1
Armor: Robe              |     5 |     4 |       |       ||     9
       Skin              |       |     1 |       |       ||     1
       Troll leather arm |       |     7 |    27 |    11 ||    45
Dodge: Dodged            |    23 |    26 |    43 |    22 ||   114
